 Dungeon Crawl Stone Soup version 0.29.1-15-g9cfb28693d (webtiles) character file.

Game seed: 14649060100336412606

32263 vishdafish the Devastator (level 13, -2/79 HPs)
             Began as a Demonspawn Conjurer on Mar 29, 2023.
             Was an Elder of Vehumet.
             Slain by a catoblepas (30 damage)
             ... on level 1 of the Lair of Beasts.
             The game lasted 00:41:56 (18132 turns).

vishdafish the Devastator (Demonspawn Conjurer)    Turns: 18132, Time: 00:41:57

Health: -2/79      AC: 10    Str:  8    XL:     13   Next: 30%
Magic:  28/32      EV: 12    Int: 23    God:    Vehumet [****..]
Gold:   912        SH:  5    Dex: 20    Spells: 28/42 levels left

rFire   . . .      SeeInvis +   r - +6 demon trident
rCold   + . .      Faith    .   (no shield)
rNeg    . . .      Spirit   .   k - +2 robe {rC+}
rPois   .          Reflect  +   n - +2 hat of Immorality {Will+ Dex+5 SInv}
rElec   .          Harm     .   (no cloak)
rCorr   .          Rampage  .   (no gloves)
Will    +....                   (no boots)
Stlth   +++.......              s - amulet of reflection
HPRegen 0.23/turn               d - +4 ring of protection
MPRegen 0.23/turn               z - +4 ring of slaying

@: no status effects
A: antennae 2, thin skeletal structure 1, powered by death 3, powered by pain 1,
augmentation 1
a: Renounce Religion


You were on level 1 of the Lair of Beasts.
You worshipped Vehumet.
Vehumet was greatly pleased with you.
You visited 3 branches of the dungeon, and saw 15 of its levels.
You also visited: Bailey.

You collected 912 gold pieces.

Inventory:

Hand Weapons
 r - a +6 demon trident (weapon)
Missiles
 y - 2 throwing nets
 K - 2 curare-tipped darts
Armour
 a - a +0 robe
 k - a +2 robe of cold resistance (worn)
 n - the +2 hat of Immorality (worn) {Will+ Dex+5 SInv}
   (You acquired it on level 11 of the Dungeon)

   Dex:       It affects your dexterity (+5).
   SInv:      It lets you see invisible.
   Will:      It increases your willpower.
Magical Staves
 q - a staff of conjuration
Jewellery
 d - a +4 ring of protection (left hand)
 s - an amulet of reflection (around neck)
 z - a +4 ring of slaying (right hand)
 P - a ring of poison resistance
 S - the amulet of Gorchopp {Acrobat rC- Will+++ rCorr Int-4}
   (You found it on level 12 of the Dungeon)

   [amulet of the acrobat]

   It increases your evasion while moving and waiting.
   Int:       It affects your intelligence (-4).
   rC:        It makes you vulnerable to cold.
   rCorr:     It protects you from acid and corrosion.
   Will:      It greatly increases your willpower.
Wands
 x - a wand of paralysis (6)
 E - a wand of mindburst (10)
 G - a wand of iceblast (9)
 L - a wand of flame (7)
Scrolls
 e - 2 scrolls of noise
 i - 3 scrolls of immolation
 l - 4 scrolls of magic mapping
 m - 4 scrolls of blinking
 o - a scroll of fog
 p - a scroll of silence
 t - 3 scrolls of poison
 u - 5 scrolls of enchant weapon
 w - 2 scrolls of amnesia
 A - 2 scrolls of vulnerability
 C - a scroll of enchant armour
 D - 7 scrolls of teleportation {unknown}
 J - 3 scrolls of fear {unknown}
 M - a scroll of brand weapon {unknown}
 Q - 2 scrolls of identify
Potions
 b - a potion of magic
 c - 3 potions of flight
 f - a potion of resistance {unknown}
 g - 2 potions of might {unknown}
 h - 6 potions of degeneration {unknown}
 j - 7 potions of heal wounds
 v - 6 potions of curing
 B - 3 potions of attraction {unknown}
 F - 3 potions of mutation {unknown}
 H - 2 potions of brilliance {unknown}
 I - a potion of experience
 N - a potion of cancellation
 O - 4 potions of ambrosia {unknown}
 R - a potion of haste


   Skills:
 - Level 1.7 Dodging
 - Level 1.7 Stealth
 + Level 15.0 Spellcasting
 + Level 16.5 Conjurations


You had 28 spell levels left.
You knew the following spells:

 Your Spells              Type           Power      Damage    Failure   Level
a - Magic Dart            Conj           100%       1d8       0%          1
b - Fulminant Prism       Conj/Hex       26%        3d14      1%          4
c - Iskenderun's Mystic   Conj/Tloc      53%        2d11      1%          4
d - Fireball              Conj/Fire      26%        3d12      1%          5

Your spell library contained the following spells:

 Spells                   Type           Power      Damage    Failure   Level
 Airstrike                Air            8%         2d(2-18)  9%          4
 Searing Ray              Conj           100%       2d8       0%          2
 Foxfire                  Conj/Fire      100%       2x1d9     1%          1
 Scorch                   Fire           34%        2d7       1%          2
 Static Discharge         Conj/Air       53%        3-10/arc  1%          2
 Conjure Flame            Conj/Fire      53%        6-21      1%          3
 Dazzling Flash           Conj/Hex       100%       N/A       1%          3
 Mephitic Cloud           Conj/Pois/Air  42%        N/A       1%          3
 Flame Wave               Conj/Fire      53%        2d13      1%          4
 Lightning Bolt           Conj/Air       26%        1d42      1%          5
 Inner Flame              Hex/Fire       17%        N/A       2%          3
 Apportation              Tloc           34%        N/A       3%          1
 Blink                    Tloc           34%        N/A       4%          2
 Call Imp                 Summ           17%        N/A       4%          2
 Starburst                Conj/Fire      26%        6d8       4%          6
 Call Canine Familiar     Summ           17%        N/A       10%         3
 Confusing Touch          Hex            17%        N/A       10%         3
 Portal Projectile        Hex/Tloc       34%        N/A       10%         3
 Tukima's Dance           Hex            17%        N/A       10%         3
 Vampiric Draining        Necr           17%        2d7       10%         3
 Lee's Rapid Deconstruct  Erth           8%         3d8*      24%         5
 Yara's Violent Unravell  Hex/Tmut       8%         3d5       24%         5
 Animate Dead             Necr           17%        N/A       32%         4
 Leda's Liquefaction      Hex/Erth       8%         N/A       32%         4
 Passage of Golubria      Tloc           17%        N/A       32%         4
 Alistair's Intoxication  Tmut/Pois      11%        N/A       67%         5
 Borgnjor's Vile Clutch   Necr/Erth      8%         N/A       67%         5
 Manifold Assault         Tloc           17%        N/A       67%         5
 Eringya's Noxious Bog    Tmut/Pois      8%         N/A       75%         6
 Summon Cactus Giant      Summ           8%         N/A       99%         6
 Enfeeble                 Hex            8%         N/A       100%        7
 Storm Form               Tmut/Air       8%         N/A       100%        7
 Summon Hydra             Summ           8%         N/A       100%        7
 Ignition                 Fire           8%         3d5       100%        8
 Maxwell's Capacitive Co  Air            8%         ∞         100%        8


Dungeon Overview and Level Annotations

Branches:
Dungeon (13/15)            Temple (1/1) D:5            Lair (1/5) D:10
    Orc (0/2) D:12         Bailey (visited)
 Vaults: D:13-14

Altars:
Ashenzari
Cheibriados
Dithmenos
Fedhas
Gozag
Hepliaklqana
Kikubaaqudgha
Makhleb
Nemelex Xobeh
Okawaru
Qazlal
Ru
Sif Muna
Trog
Uskayaw
Vehumet
Wu Jian
Xom
Yredelemnul

Shops:
D:2 *   D:4 [*


Innate Abilities, Weirdness & Mutations

You have a pair of antennae on your head.
You have a somewhat thin skeletal structure. (Dex +2, Stealth+)
You regenerate a lot of health from kills.
You sometimes gain a little power by taking damage.
Your magical and physical power is slightly enhanced at high health.


Message History

The basilisk is lightly wounded.
The basilisk bites you! The basilisk barely misses you.
You hit the basilisk.
The basilisk is lightly wounded.
The basilisk bites you!
You puncture the basilisk!
The basilisk is heavily wounded.
The basilisk bites you.
You hit the basilisk. You punch the basilisk!
The basilisk is almost dead.
The basilisk bites you!
You closely miss the basilisk.
The basilisk is almost dead.
The basilisk closely misses you. The basilisk bites you!
You are too injured to fight recklessly!
You are too injured to fight recklessly!
You are too injured to fight recklessly!
Unknown command.
You are too injured to fight recklessly!
You are too injured to fight recklessly!
Casting: Iskenderun's Mystic Blast (safe; 1% risk of failure)
Confirm with . or Enter, or press ? or * to list all spells.
You erupt in a blast of force!
The mystic blast hits the basilisk!
You kill the basilisk!
Vehumet accepts your kill.
Vehumet is now extending the range of your destructive spells.
Your Spellcasting skill increases to level 15!
A catoblepas is nearby!
This spell is impossible to cast!
Memorise Ignition, consuming 8 spell levels and leaving 20?
You start memorising the spell.
You continue memorising. x6
The catoblepas gores you!!
Your memorisation is interrupted.
You focus on the pain.
You feel your power returning.
Unknown command.
Casting: Iskenderun's Mystic Blast (safe; 1% risk of failure)
Confirm with . or Enter, or press ? or * to list all spells.
You erupt in a blast of force!
The mystic blast hits the catoblepas.
The catoblepas is lightly wounded.
The catoblepas gores you!!
You die...

.......... ..
...#....#... .
..#....#.###
#.###.#.........
................
................
.......Y........
.......@.÷......
......÷.<....##
####.#÷.....##
.....#......#
......#.....##
....?.#.....+
..... #.....#
.... #.....#
#......#


You could see a catoblepas.

Vanquished Creatures
  An orc warlord (Bailey)
  Josephine (D:10)
  2 hydras
  Harold (D:10)
  Erica (D:9)
  A catoblepas (D:10)
  6 two-headed ogres
  4 death yaks (D:10)
  Urug (D:10)
  A deep elf zephyrmancer (D:7)
  A deep elf pyromancer (D:12)
  An orc knight (Bailey)
  3 manticores
  An ugly thing (D:12)
  Maurice (D:12)
  11 centaur zombies (D:12)
  2 gargoyles
  Psyche (D:9)
  2 kobold demonologists
  2 komodo dragons
  3 trolls
  2 meliai zombies (D:12)
  A shadow (D:12)
  A wyvern (D:11)
  28 yaks
  A basilisk (Lair:1)
  8 wraiths
  A human (D:12)
  4 vampire mosquitoes (D:13)
  A steam dragon (D:9)
  4 wargs
  An acid dragon (D:9)
  Duvessa (D:4)
  16 orc warriors
  A black bear (D:7)
  2 sky beasts (D:6)
  2 centaurs
  5 kobold brigands
  3 bullfrogs
  2 necrophages
  4 gnoll sergeants
  3 scorpions
  5 wights (D:9)
  Dowan (D:4)
  5 killer bees (D:7)
  2 howler monkeys
  4 hounds
  A jelly (D:7)
  6 orc priests
  A boggart zombie (D:12)
  Natasha (thrice) (D:2)
  3 iguanas
  13 orc wizards
  22 gnolls
  5 adders
  3 ufetubi
  4 worms
  A dart slug (D:5)
  37 orcs
  7 endoplasms
  7 giant cockroaches
  20 goblins
  17 hobgoblins
  10 jackals
  29 kobolds
  5 quokkas
  11 ball pythons
  5 bats
  A frilled lizard (D:1)
  5 rats
371 creatures vanquished.

Vanquished Creatures (others)
  39 fulminant prisms
  9 plants (D:8)
  8 withered plants (D:12)
56 creatures vanquished.

Grand Total: 427 creatures vanquished

Notes
Turn   | Place    | Note
-------+----------+-------------------------------------------
     0 | D:1      | vishdafish the Demonspawn Conjurer began the quest for the
                  | Orb.
     0 | D:1      | Reached XP level 1. HP: 13/13 MP: 3/3
   216 | D:1      | Found a faded altar of an unknown god.
   246 | D:1      | Gained mutation: You regenerate a little health from kills.
                  | [demonic ancestry]
   246 | D:1      | Reached XP level 2. HP: 15/19 MP: 3/5
  1240 | D:2      | Gained mutation: You have a pair of small antennae on your
                  | head. [demonic ancestry]
  1240 | D:2      | Reached XP level 3. HP: 24/24 MP: 4/7
  1315 | D:2      | Found Sirghiva's Assorted Antiques.
  1614 | D:2      | Noticed Natasha
  1618 | D:2      | Killed Natasha
  1641 | D:2      | Noticed Natasha
  1647 | D:2      | Killed Natasha
  1648 | D:2      | Reached XP level 4. HP: 27/30 MP: 1/8
  1666 | D:2      | Noticed Natasha
  1677 | D:2      | Killed Natasha
  1678 | D:2      | Reached skill level 5 in Conjurations
  2617 | D:3      | Reached XP level 5. HP: 35/35 MP: 7/10
  2651 | D:3      | Learned a level 4 spell: Fulminant Prism
  2656 | D:3      | Learned a level 4 spell: Iskenderun's Mystic Blast
  3087 | D:3      | Found a large runed translucent door.
  3088 | D:3      | Found a large runed translucent door.
  3088 | D:3      | Found a shimmering altar of Xom.
  3287 | D:4      | Noticed Duvessa
  3766 | D:4      | Found a basalt altar of Yredelemnul.
  3812 | D:4      | Found Veff's Armour Emporium.
  4085 | D:4      | Found Xonuem's Assorted Antiques.
  4156 | D:5      | Entered Level 5 of the Dungeon
  4372 | D:5      | Found a staircase to the Ecumenical Temple.
  4418 | D:5      | Reached skill level 6 in Conjurations
  4418 | D:5      | Reached XP level 6. HP: 25/41 MP: 3/12
  4547 | Temple   | Entered the Ecumenical Temple
  5420 | D:5      | Found a bloodstained altar of Trog.
  5929 | D:4      | Reached skill level 5 in Spellcasting
  5929 | D:4      | Reached XP level 7. HP: 37/46 MP: 7/14
  6232 | D:4      | Noticed Dowan
  6371 | D:4      | Killed Dowan
  6433 | D:4      | Killed Duvessa
  6434 | D:4      | Reached skill level 7 in Conjurations
  6735 | D:6      | Noticed a kobold demonologist
  6746 | D:6      | Noticed a hellwing
  6751 | D:6      | Killed a kobold demonologist
  6849 | D:6      | HP: 2/46 [something (6)]
  6851 | D:6      | Gained mutation: You have a pair of antennae on your head.
                  | [demonic ancestry]
  6851 | D:6      | Reached XP level 8. HP: 4/52 MP: 12/17
  6852 | D:6      | Reached skill level 8 in Conjurations
  7522 | D:6      | Found a shadowy altar of Dithmenos.
  8034 | D:7      | Reached skill level 9 in Conjurations
  8263 | D:7      | Gained mutation: You regenerate health from kills. [demonic
                  | ancestry]
  8263 | D:7      | Reached XP level 9. HP: 37/57 MP: 1/20
  8672 | D:7      | Found a shimmering blue altar of Sif Muna.
  8820 | D:7      | Noticed a deep elf zephyrmancer
  8829 | D:7      | Killed a deep elf zephyrmancer
  8830 | D:7      | Reached skill level 10 in Conjurations
  9905 | D:8      | Found a flagged portal.
  9916 | Bailey   | Entered a bailey
 10021 | Bailey   | Reached skill level 11 in Conjurations
 10041 | Bailey   | Gained mutation: You regenerate a lot of health from kills.
                  | [demonic ancestry]
 10041 | Bailey   | Reached XP level 10. HP: 46/63 MP: 3/23
 10224 | Bailey   | Noticed an orc knight
 10248 | Bailey   | Killed an orc knight
 10249 | Bailey   | Reached skill level 10 in Spellcasting
 10836 | Bailey   | Noticed an orc warlord
 10924 | Bailey   | Killed an orc warlord
 10925 | Bailey   | Reached skill level 12 in Conjurations
 11130 | Bailey   | Got the Precepts of the Swarm and Stolen Souls
 11925 | D:9      | Noticed Erica
 11940 | D:9      | Killed Erica
 12065 | D:9      | Identified a scroll of acquirement
 12236 | D:9      | Found an iron altar of Okawaru.
 12355 | D:9      | Gained mutation: You sometimes gain a little power by
                  | taking damage. [demonic ancestry]
 12355 | D:9      | Reached XP level 11. HP: 64/65 MP: 8/26
 12470 | D:9      | Noticed a two-headed ogre
 12478 | D:9      | Found a radiant altar of Vehumet.
 12486 | D:9      | Killed a two-headed ogre
 12706 | D:9      | Became a worshipper of Vehumet
 13069 | D:9      | Noticed Psyche
 13078 | D:9      | Killed Psyche
 13079 | D:9      | Reached skill level 13 in Conjurations
 13201 | D:9      | Found a burning altar of Makhleb.
 13393 | D:10     | Entered Level 10 of the Dungeon
 13588 | D:10     | Found a staircase to the Lair.
 13936 | D:10     | Found a broken altar of Ashenzari.
 14007 | D:10     | Noticed Urug
 14027 | D:10     | Killed Urug
 14093 | D:10     | Noticed Josephine
 14104 | D:10     | Killed Josephine
 14122 | D:10     | Reached * piety under Vehumet
 14122 | D:10     | Offered knowledge of Freeze by Vehumet.
 14287 | D:10     | Found an ancient bone altar of Kikubaaqudgha.
 14367 | D:10     | Noticed Harold
 14393 | D:10     | Killed Harold
 14394 | D:10     | Reached skill level 14 in Conjurations
 14980 | D:11     | Acquired the +2 hat of Immorality {Will+ Dex+5 SInv}
 14993 | D:11     | Learned a level 5 spell: Fireball
 15028 | D:11     | Noticed a two-headed ogre
 15047 | D:11     | Killed a two-headed ogre
 15048 | D:11     | Gained mutation: Your magical and physical power is
                  | slightly enhanced at high health. [demonic ancestry]
 15048 | D:11     | Reached XP level 12. HP: 74/74 MP: 8/28
 15297 | D:11     | Noticed a six-headed hydra
 15320 | D:11     | Reached ** piety under Vehumet
 15320 | D:11     | Killed a six-headed hydra
 15320 | D:11     | Offered knowledge of Poisonous Vapours by Vehumet.
 15360 | D:11     | Noticed a two-headed ogre
 15369 | D:11     | Killed a two-headed ogre
 15818 | D:12     | Noticed a two-headed ogre
 15830 | D:12     | Killed a two-headed ogre
 15831 | D:12     | Reached skill level 15 in Conjurations
 16213 | D:12     | Noticed a six-headed hydra
 16217 | D:12     | Killed a six-headed hydra
 16217 | D:12     | Offered knowledge of Ignite Poison by Vehumet.
 16510 | D:12     | Identified the amulet of Gorchopp {Acrobat rC- Will+++
                  | rCorr Int-4}
 16677 | D:12     | Noticed Maurice
 16717 | D:12     | Killed Maurice
 16721 | D:12     | Noticed a two-headed ogre
 16736 | D:12     | Killed a two-headed ogre
 16879 | D:12     | Reached *** piety under Vehumet
 16967 | D:12     | Offered knowledge of Airstrike by Vehumet.
 16968 | D:12     | Reached skill level 16 in Conjurations
 17095 | D:13     | Gained mutation: You have a somewhat thin skeletal
                  | structure. (Dex +2, Stealth+) [demonic ancestry]
 17095 | D:13     | Reached XP level 13. HP: 79/79 MP: 18/31
 17596 | D:12     | Found a staircase to the Orcish Mines.
 17599 | D:12     | Identified the +4 dagger "Ubliv" {pain, rCorr Int-4 Dex+9}
 17693 | Lair:1   | Entered Level 1 of the Lair of Beasts
 17888 | D:10     | Reached **** piety under Vehumet
 18117 | Lair:1   | Reached skill level 15 in Spellcasting
 18132 | Lair:1   | Slain by a catoblepas

Illustrated notes

Levels and vault maps discovered:
D:1:      minmay_arrival_wavy_path, layout_loops_cross,
          shapermc_ecumenical_altar_pompeii
D:2:      layout_basic, serial_shops, shop_fountains, uniq_natasha
D:3:      due_chaos_kobolds, layout_basic, minivault_14
D:4:      layout_cave_pools, mainiacjoe_overflow_boulevard, serial_shops,
          shop_statue, shop, feat_on_display, uniq_duvessa
D:5:      layout_basic, mainiacjoe_overflow_24_doors,
          minmay_temple_entry_antechambers, grunt_ministairs_3,
          amcnicky_mini_corridor_feature
D:6:      layout_basic, grunt_dithmenos_smoke, grunt_decor_junction
D:7:      layout_rooms, lemuel_doored_altar, guppyfry_early_elven_hall
D:8:      layout_loops_ring, mainiacjoe_overflow_alcove_2, elyvilon_altar_5,
          enter_bailey_3, serial_bayou_crossing
D:9:      layout_grid_maze, okawaru_ov_weapons_minmay,
          mainiacjoe_overflow_alcove_1, lightli_temple_of_fire, uniq_erica,
          uniq_psyche
D:10:     layout_roguey, kennysheep_mini_moat, grunt_ashenzari_visionary
          [grunt_ashenzari_visionary_swamp, grunt_ashenzari_visionary_spider],
          erik_lair_orcish_takeover, uniq_josephine, uniq_urug, uniq_harold
D:11:     layout_cave_pools
D:12:     layout_loops_corners, erik_orc_4, serial_undead, serial_undead_a,
          serial_undead_d, serial_undead_d, serial_undead_c, serial_undead_e,
          serial_undead_c, serial_undead_f, serial_undead_e, serial_undead_f,
          serial_undead_f, minivault_10, uniq_maurice
D:13:     layout_loops_corners, nicolae_ru_sacrificial_ziggurat
Temple:   bh_familiar_temple
Lair:1:   layout_regular_city, chequers_serial_rivers_micro_e

Skill      XL: |  1  2  3  4  5  6  7  8  9 10 11 12 13 |
---------------+----------------------------------------+-----
Spellcasting   | 3 4 5 6 7 9 11 12 14 15 | 15.0
Conjurations   | 5 6 7 9 11 12 14 16 | 16.5
Dodging        | |  1.7
Stealth        | |  1.7

Action                   |  1- 3 |  4- 6 |  7- 9 | 10-12 | 13-15 || total
-------------------------+-------+-------+-------+-------+-------++-------
Melee: Rapier            |    28 |    11 |       |       |       ||    39
       Unarmed           |    10 |       |       |     6 |       ||    16
       Staff             |       |     7 |    19 |     4 |       ||    30
       Punch             |       |     1 |     2 |     7 |     1 ||    11
       Dagger            |       |       |    23 |       |       ||    23
       Scimitar          |       |       |    17 |   137 |       ||   154
       Demon trident     |       |       |       |   160 |    37 ||   197
Throw: Throwing net      |       |       |     1 |     4 |     3 ||     8
       Dart              |       |       |       |     2 |       ||     2
 Cast: Magic Dart        |    63 |   174 |   202 |   110 |       ||   549
       Iskenderun's Myst |       |     1 |    16 |   101 |    31 ||   149
       Fulminant Prism   |       |       |    16 |    23 |       ||    39
       Fireball          |       |       |       |    30 |     5 ||    35
Evoke: Wand              |       |     1 |     2 |    16 |       ||    19
  Use: Potion            |     1 |     1 |     1 |     3 |     1 ||     7
       Scroll            |       |       |       |    13 |       ||    13
 Stab: Sleeping          |     1 |       |       |     2 |     1 ||     4
       Paralysed         |       |     8 |     5 |    19 |       ||    32
       Held in net/web   |       |       |     1 |     3 |     1 ||     5
       Confused          |       |       |       |     2 |       ||     2
       Distracted        |       |       |       |     1 |       ||     1
Armor: Robe              |    14 |    12 |    28 |   128 |    18 ||   200
       Skin              |       |       |       |     2 |       ||     2
Dodge: Dodged            |    22 |    37 |    55 |   197 |    19 ||   330
Block: Other             |       |     1 |    17 |    81 |    11 ||   110
       Reflection        |       |       |     2 |       |       ||     2
